 Dungeon Crawl Stone Soup version 0.29.1-15-g9cfb28693d (webtiles) character file.

Game seed: 5069469487629305942

28 Ijustatesigmund the Conjurer (level 2, -2/15 HPs)
             Began as a Deep Elf Conjurer on Feb 28, 2023.
             Succumbed to an adder's poison
             ... on level 2 of the Dungeon.
             The game lasted 00:01:59 (982 turns).

Ijustatesigmund the Conjurer (Deep Elf Conjurer)     Turns: 982, Time: 00:02:00

Health: -2/15      AC:  3    Str:  4    XL:     2   Next: 96%
Magic:  6/8        EV: 12    Int: 22    God:
Gold:   33         SH:  0    Dex: 13    Spells: 5/8 levels left

rFire   . . .      SeeInvis .   g - +0 sling
rCold   . . .      Faith    .   (no shield)
rNeg    . . .      Spirit   .   a - +0 robe
rPois   .          Reflect  .   (no helmet)
rElec   .          Harm     .   (no cloak)
rCorr   .          Rampage  .   (no gloves)
Will    .....                   j - +0 pair of boots
Stlth   ++........              (no amulet)
HPRegen 0.05/turn               (no ring)
MPRegen 0.11/turn               (no ring)

@: lethally poisoned (-2 -> -18)
A: no striking features
a: no special abilities


You were on level 2 of the Dungeon.
You visited 1 branch of the dungeon, and saw 2 of its levels.

You collected 33 gold pieces.

Inventory:

Hand Weapons
 f - a +0 spear
 g - a +0 sling (weapon)
Armour
 a - a +0 robe (worn)
 j - a +0 pair of boots (worn)
Magical Staves
 i - a staff of fire
Scrolls
 d - a scroll of enchant armour {unknown}
 e - a scroll of identify {unknown}
 h - a scroll of enchant weapon {unknown}
Potions
 b - a potion of magic


   Skills:
 + Level 0.6 Ranged Weapons
 - Level 2.4 Dodging
 - Level 2.4 Stealth
 + Level 3.6 Spellcasting
 * Level 5.1 Conjurations


You had 5 spell levels left.
You knew the following spells:

 Your Spells              Type           Power      Damage    Failure   Level
a - Magic Dart            Conj           100%       1d8       1%          1
b - Searing Ray           Conj           52%        2d6       2%          2

Your spell library contained the following spells:

 Spells                   Type           Power      Damage    Failure   Level
 Dazzling Flash           Conj/Hex       30%        N/A       12%         3
 Fulminant Prism          Conj/Hex       7%         3d7       38%         4
 Iskenderun's Mystic Bla  Conj/Tloc      15%        2d5       38%         4


Dungeon Overview and Level Annotations

Branches:
Dungeon (2/15)

Altars:


Message History

The adder barely misses you.
You shoot a sling bullet. The sling bullet misses the adder.
The adder barely misses you.
You shoot a sling bullet.
The sling bullet closely misses the adder.
The adder bites you but does no damage. The adder bites you.
You are poisoned.
The adder poisons you!
You shoot a sling bullet. The sling bullet hits the adder.
The adder is moderately wounded.
You feel sick. The adder misses you. The adder bites you.
You are lethally poisoned!
The adder poisons you!
You shoot a sling bullet.
The sling bullet barely misses the adder.
You feel very sick. The adder bites you.
You are more poisoned.
The adder poisons you! The adder bites you.
You are more poisoned.
The adder poisons you!
You are too injured to fight recklessly!
You are too injured to fight recklessly!
You are too injured to fight recklessly!
You are too injured to fight recklessly!
You are too injured to fight recklessly!
Casting: Magic Dart (safe; 1% risk of failure)
Confirm with . or Enter, or press ? or * to list all spells.
Aiming: Searing Ray (safe; 2% risk of failure)
Press: ? - help, Shift-Dir - straight line, f/p - adder
Aim: an adder (moderately wounded, 66% to hit)
You miscast Searing Ray.
You are very lightly contaminated with residual magic.
Nothing appears to happen.
* * * LOW HITPOINT WARNING * * *
You feel very sick. The adder bites you but does no damage.
It was a potion of cancellation.
You feel magically purged.
Your magical contamination has completely faded away.
You die...

. ### ####.# #..
...#. #.# #... #.#
#..# ### #.# #..# ...
#.###S.######
#####.###....@.[.....
#.#.#.##...##..######
# #...#.##..###..#
#.#.#.#.....# #..#
#...†<#..##.......
###.#.#..##########
#......>.......
#.##..#........
#.#....#.######


You could see an adder.

Vanquished Creatures
  3 dart slugs (D:1)
  3 ball pythons (D:1)
  An endoplasm (D:1)
  A giant cockroach (D:1)
  3 hobgoblins (D:1)
  4 kobolds
  A quokka (D:1)
  2 bats
  A frilled lizard (D:1)
  2 goblins (D:1)
21 creatures vanquished.

Notes
Turn   | Place    | Note
-------+----------+-------------------------------------------
     0 | D:1      | Ijustatesigmund the Deep Elf Conjurer began the quest for
                  | the Orb.
     0 | D:1      | Reached XP level 1. HP: 10/10 MP: 6/6
    71 | D:1      | Found a faded altar of an unknown god.
   341 | D:1      | Reached XP level 2. HP: 15/15 MP: 5/8
   344 | D:1      | Learned a level 2 spell: Searing Ray
   688 | D:1      | Reached skill level 5 in Conjurations
   982 | D:2      | Succumbed to an adder's poison

Illustrated notes

Levels and vault maps discovered:
D:1:      dpeg_arrival_erosion, layout_rooms,
          shapermc_ecumenical_altar_starsandcircs
D:2:      layout_basic, uniq_jessica

Skill      XL: |  1  2 |
---------------+-------+-----
Conjurations   | 5 |  5.1
Ranged Weapons | |  0.6
Dodging        | |  2.4
Stealth        | |  2.4
Spellcasting   | |  3.6

Action                   || total
-------------------------++-------
 Fire: Sling             ||    49
 Cast: Magic Dart        ||    23
  Use: Potion            ||     1
Armor: Robe              ||     5
Dodge: Dodged            ||    12
